Cogmind - Beta 13 X2 @@@ ROGUE MODE // 2024.01.13 @ 01:13:03 Player: Minty Result: Destroyed by YD-F8M(R) with Subdweller Machine Gun Performance ------------- Evolutions (0) 0 Regions Visited (2) 400 Robots Destroyed (26) 130 Value Destroyed (591) 591 Prototype IDs (4) 80 Alien Tech Used (0) 0 Bonus (0) 0 TOTAL SCORE: 1201 Bonus ------- None Cogmind --------- Core Integrity 0/250 Matter 300/300 Energy 246/250 System Corruption 0% Temperature Cool (2) Movement Walking (120) Location -10/Subcaves Parts ------- > --- POWER (1) -------- Ion Engine > --- PROPULSION (2) --- Aluminum Leg Aluminum Leg > --- UTILITY (2) ------ Structural Scanner Terrain Scanner > --- WEAPON (2) ------- Subdweller Laser Subdweller Laser > --- INVENTORY (5) ---- Beam Cannon Mining Laser Peak State ------------ > --- POWER ------------ Subdweller Power Source > --- PROPULSION ------- Aluminum Leg Aluminum Leg > --- UTILITY ---------- Scrap Shield > --- WEAPON ----------- Subdweller Laser Subdweller Laser > --- INVENTORY -------- Ion Engine Structural Scanner Terrain Scanner Beam Cannon Mining Laser [Rating: 12] Favorites ----------- Power Light Ion Engine Engine Light Ion Engine Propulsion Aluminum Leg Leg Aluminum Leg Utility Scrap Shield Device Structural Scanner Storage Small Storage Unit Processor Terrain Scan Processor Protection Scrap Shield Weapon Subdweller Laser Energy Gun Subdweller Laser Energy Cannon Beam Cannon Special Weapon Mining Laser Build | -11 -10 -10 ------- Run | Yrd Mat Sub Slots Evolved . | . . . Power . | . . . Propulsion . | . . . Utility . | . . . Weapon . | . . . Parts Attached 18 | . 7 11 Power 2 | . . 2 Engine 2 | . . 2 Core . | . . . Reactor . | . . . Propulsion . | . . . Treads . | . . . Leg . | . . . Wheel . | . . . Hover . | . . . Flight . | . . . Utility 8 | . 5 3 Device 4 | . 2 2 Storage 1 | . 1 . Processor 2 | . 2 . Hackware . | . . . Protection 1 | . . 1 Artifact . | . . . Weapon 8 | . 2 6 Energy Gun 6 | . 1 5 Energy Cannon 1 | . . 1 Ballistic Gun . | . . . Ballistic Cannon . | . . . Launcher . | . . . Special Weapon 1 | . 1 . Impact Weapon . | . . . Slashing Weapon . | . . . Piercing Weapon . | . . . Special Melee Weapon . | . . . Unidentified Prototypes . | . . . Parts Lost 2 | . 1 1 Power . | . . . Propulsion . | . . . Utility . | . . . Weapon 2 | . 1 1 Highest Loss Streak 1 | . 1 1 To Critical Strikes . | . . . Average Slot Usage (%) 92 | . 97 89 Engine 14 | . 14 14 Leg 28 | . 28 28 Device 8 | . 10 7 Storage 4 | . 7 1 Processor 3 | . 7 . Protection 5 | . . 9 Energy Gun 24 | . 25 24 Energy Cannon 2 | . . 3 Naked Turns . | . . . Heaviest Build 31 | 12 13 31 Greatest Support 20 | 20 20 20 Greatest Overweight (x) 1 | . . 1 Average Overweight (x) . | . . . Largest Inventory Capacity 8 | 8 8 8 Average Capacity 5 | 8 6 5 Most Carried 8 | 6 8 8 Average Carried 4 | 6 5 4 Final Capacity 8 | 8 8 5 Final Carried 6 | 6 6 2 Class Distribution -------------------- 46% | Mutant 40% | Subdweller-Mutant 12% | Scavenger-Mutant Dominant Class ---------------- Mutant | -10/Materials Subdweller-Mutant | -10/Subcaves Resources | -11 -10 -10 ----------- Run | Yrd Mat Sub Matter Collected 375 | 200 70 105 Remotely . | . . . Salvage Created 761 | . 339 422 Parts 51 | . 20 31 Haulers Intercepted 1 | . 1 . Recyclers Shooed 1 | . 1 . Parts Field Recycled . | . . . Retrieved Matter . | . . . Parts Self-Destructed 23 | . . 23 Prevented . | . . . Kills | -11 -10 -10 ------- Run | Yrd Mat Sub Combat Hostiles Destroyed 18 | . 4 14 Guns 15 | . 3 12 Cannons 2 | . . 2 AOE 1 | . 1 . Classes Destroyed 11 | . 7 4 Worker 1 | . 1 . Builder 1 | . 1 . Tunneler 1 | . 1 . Hauler 1 | . 1 . Operator 1 | . 1 . Turret 2 | . . 2 Watcher 1 | . 1 . Swarmer 8 | . . 8 Grunt 4 | . 4 . Sentry 1 | . . 1 Subdweller 5 | . . 5 Best Kill Streak 4 | . 3 4 Combat Bots Only 4 | . 2 4 Max Kills in Single Turn 2 | . 1 2 Gunslinging 1 | . . 1 Exploded 1 | . 1 . Melee . | . . . Uniques/NPCs Destroyed . | . . . Combat | -11 -10 -10 -------- Run | Yrd Mat Sub Hostile Shots Fired 135 | . 8 127 Missed 54 | . 3 51 Damage Taken 924 | . 81 843 Core 253 | . 16 237 Absorbed by Shields . | . . . Core Remaining (%) 100 | 100 . . Volleys Fired 84 | . 40 44 Largest 2 | . 2 2 Hottest 120 | . 100 120 Shots Fired 160 | . 73 87 Gun 138 | . 67 71 Cannon 16 | . . 16 Launcher . | . . . Special 6 | . 6 . Kinetic . | . . . Thermal 95 | . 18 77 Explosive . | . . . Electromagnetic 65 | . 55 10 Robot Hit Streak 8 | . 7 8 Robot Miss Streak 4 | . 4 3 Penetration Max . | . . . Secondary Targets 3 | . 1 2 Max Gunslinging Chain 1 | . 1 1 Shots Hit Robots 103 | . 40 63 Core Hits 37 | . 15 22 Critical Kills 1 | . . 1 Critical Parts Destroyed . | . . . Critical Strikes 3 | . 1 2 Burn 1 | . 1 . Destroy 1 | . . 1 Corrupt 1 | . . 1 Melee Attacks . | . . . Impact . | . . . Slashing . | . . . Piercing . | . . . Sneak Attacks . | . . . Combat Hostiles . | . . . Follow-up Attacks . | . . . Damage Inflicted 1812 | . 699 1113 Guns 1443 | . 560 883 Cannons 230 | . . 230 Explosions 139 | . 139 . Melee . | . . . Ramming . | . . . Kinetic . | . . . Thermal 1238 | . 212 1026 Explosive . | . . . Electromagnetic 574 | . 487 87 Impact . | . . . Slashing . | . . . Piercing . | . . . Highest Corruption . | . . . Average Corruption . | . . . Corruption Purged . | . . . Corruption Blocked . | . . . Overload Shots . | . . . Overflow Damage . | . . . Projectiles . | . . . Explosions . | . . . Melee . | . . . Knockbacks . | . . . Impact . | . . . Kinetic . | . . . Secondary . | . . . Self-Inflicted Damage . | . . . Shots . | . . . Rammed . | . . . Targets Rammed . | . . . Kicked . | . . . Crushed . | . . . Highest Temperature 162 | . 162 90 Average Temperature 39 | . 42 26 Received Heat Transfer 357 | . 42 315 Siege Activations . | . . . Robots Corrupted . | . . . Combat Hostiles . | . . . Parts Fried 1 | . 1 . Impact Corruptions . | . . . Robots Melted . | . . . Combat Hostiles . | . . . Parts Melted 5 | . 2 3 Heat Transferred 2199 | . 596 1603 Parts Sabotaged . | . . . Parts Stolen . | . . . Parts Stripped . | . . . Power Chain Reactions 4 | . 4 . Missiles Intercepted . | . . . Alert | -11 -10 -10 ------- Run | Yrd Mat Sub Peak Influence 150 | . 150 . Initial . | . . . Average 45 | . 45 . Maximum Alert Level . | . . . Low Security (%) 100 | 100 100 . Level 1 . | . . . Level 2 . | . . . Level 3 . | . . . Level 4 . | . . . Level 5 . | . . . High Security . | . . . Max Security . | . . . Squads Dispatched 1 | . 1 . Investigation 1 | . 1 . Extermination . | . . . Reinforcement . | . . . Assault . | . . . Garrison . | . . . Intercept . | . . . Searches Triggered . | . . . Construction Impeded . | . . . Haulers Reinforced . | . . . Active Scanning Responses . | . . . Cargo Convoy Interrupts . | . . . Stealth | -11 -10 -10 --------- Run | Yrd Mat Sub Distress Signals . | . . . Communications Jammed . | . . . Distress Signals . | . . . Times Spotted 50 | . 7 43 Peak Tracking Total 3 | . 2 3 Tactical Retreats 4 | . . 4 Traps | -11 -10 -10 ------- Run | Yrd Mat Sub Traps Triggered . | . . . Indirectly . | . . . Trap Hack Attempts . | . . . Triggered . | . . . Disarmed . | . . . Reprogrammed . | . . . Reused . | . . . Traps Extracted . | . . . Installed . | . . . Triggered . | . . . Machines | -11 -10 -10 ---------- Run | Yrd Mat Sub Machines Disabled 3 | . 1 2 Max in Single Turn 1 | . 1 1 Machines Repaired . | . . . Machines Dismantled . | . . . Machines Sabotaged . | . . . Overloaded Fab Kills . | . . . Hacking | -11 -10 -10 --------- Run | Yrd Mat Sub Machines Accessed 3 | . 3 . Terminals 2 | . 2 . Fabricators . | . . . Repair Stations . | . . . Recycling Units 1 | . 1 . Scanalyzers . | . . . Garrison Access . | . . . Total Hacks 8 | . 8 . Successful 6 | . 6 . Failed 1 | . 1 . Catastrophic . | . . . Database Lockouts 1 | . 1 . Manual 4 | . 4 . Terminals 6 | . 6 . Fabricators . | . . . Repair Stations . | . . . Recycling Units 2 | . 2 . Scanalyzers . | . . . Garrison Access . | . . . Terminal Hacks 3 | . 3 . Prototype ID Bank 3 | . 3 . Fabricator Hacks . | . . . Repair Station Hacks . | . . . Recycling Unit Hacks 2 | . 2 . Report Inventory 1 | . 1 . Retrieve Components 1 | . 1 . Scanalyzer . | . . . Garrison Access Hacks . | . . . Unauthorized Hacks 1 | . 1 . Terminals 1 | . 1 . Botnet 1 | . 1 . Fabricators . | . . . Repair Stations . | . . . Recycling Units . | . . . Scanalyzers . | . . . Garrison Access . | . . . Data Cores Recovered . | . . . Used . | . . . Hacking Detections 2 | . 2 . Full Trace Events 1 | . 1 . Feedback Events . | . . . Feedback Blocked . | . . . Robot Schematics Acquired . | . . . Robots Built . | . . . Authchips . | . . . Time . | . . . Total Robot Build Rating . | . . . Part Schematics Acquired . | . . . Parts Built . | . . . Authchips . | . . . Time . | . . . Total Part Build Rating . | . . . Parts Repaired . | . . . Time . | . . . Parts Recycled . | . . . Recycled Matter . | . . . Retrieved Matter . | . . . Retrieved Components 9 | . 9 . Parts Scanalyzed . | . . . Part Schematics Acquired . | . . . Parts Damaged . | . . . Bothacking | -11 -10 -10 ------------ Run | Yrd Mat Sub Used RIF Installer . | . . . Robots Hacked . | . . . Non-combat . | . . . Combat . | . . . Robot Hacks Applied . | . . . Relay Couplers Released . | . . . Fabnet Peak Effective % . | . . . Robots Rewired . | . . . Allies Hacked . | . . . Hacks Repelled . | . . . Allies | -11 -10 -10 -------- Run | Yrd Mat Sub Total Allies . | . . . Largest Group . | . . . Highest-Rated Group . | . . . Highest-Rated Ally . | . . . Total Orders . | . . . Ally Attacks . | . . . Total Damage . | . . . Kills . | . . . Allies Corrupted . | . . . Allies Melted . | . . . Intel | -11 -10 -10 ------- Run | Yrd Mat Sub Robot Analysis Total . | . . . Derelict Logs Recovered 1 | . . 1 Drone Launches . | . . . Drone Recoveries . | . . . Exploration | -11 -10 -10 ------------- Run | Yrd Mat Sub Turns Passed 1526 | 3 620 903 Spaces Moved 760 | 3 302 455 Core . | . . . Treads . | . . . Legs 760 | 3 302 455 Wheels . | . . . Hover . | . . . Flight . | . . . Fastest Speed 120 | 120 120 120 Average Speed 145 | 120 120 162 Slowest Speed 190 | 120 120 190 Overloaded Moves . | . . . Propulsion Burnouts . | . . . Robots Hopped . | . . . Cave-ins Triggered . | . . . Exploration Rate (%) 21 | 2 34 29 Regions Visited 2 Branch Regions 1 Pre-discovered Areas 1 | . . 1 Known Exits Taken . | . . . Unknown Exits Taken 2 | 1 1 . Scrap Searched . | . . . Spaces Dug . | . . . Terrain Destroyed 14 | . 14 . Melee . | . . . Projectile . | . . . AOE 14 | . 14 . Terrain Rammed . | . . . Walls Destroyed . | . . . Machines Disabled . | . . . Actions | -11 -10 -10 --------- Run | Yrd Mat Sub Total 1014 | 2 476 536 Wait 118 | . 111 7 Move 758 | 2 301 455 Hop . | . . . Pick Up 13 | . 9 4 Fast Attach 5 | . 2 3 Attach 6 | . 3 3 Detach 2 | . 2 . Swap 7 | . 2 5 Drop 18 | . 6 12 Fire 84 | . 40 44 Melee . | . . . Ram . | . . . Kick . | . . . Crush . | . . . Escape Stasis . | . . . Rewire . | . . . Trap . | . . . Miscellaneous 3 | . . 3 Route ------- -11/Scrapyard -10/Materials (discovered 4 exits: [*Mat] / [*Min x2] / [*Sub]) -10/Subcaves (discovered 1 exit: [*Rec]) History --------- Turn | Location | Event 1 | -11/Scrapyard | Discovered new exit (range 3) 4 | -11/Scrapyard | Entered Materials 62 | -10/Materials | Discovered new exit (range 13) 252 | -10/Materials | Discovered new exit (range 8) 307 | -10/Materials | Build established: Mutant 324 | -10/Materials | Discovered new exit (range 8) 353 | -10/Materials | Central database locked down 474 | -10/Materials | Discovered new exit (range 16) 624 | -10/Materials | Entered Subcaves 626 | -10/Subcaves | Learned 2 Materials zone layouts 638 | -10/Subcaves | Learned location of Zion (-7) 638 | -10/Subcaves | Met a Zionite searching for "candidates" 686 | -10/Subcaves | Core integrity fell below 50% 815 | -10/Subcaves | Shifting Twisted Machinery released Battle Cannon 822 | -10/Subcaves | Shifting Twisted Machinery released Barrage Gun 1024 | -10/Subcaves | Build established: Subdweller-Mutant 1313 | -10/Subcaves | Discovered new exit (range 11) 1401 | -10/Subcaves | Core integrity fell below 20% 1451 | -10/Subcaves | Ambushed by Subdwellers from Twisted Machinery 1527 | -10/Subcaves | Destroyed by YD-F8M(R) with Subdweller Machine Gun Last Messages --------------- 01315_ Autobeam Turret destroyed. 01320_ Machine disabled. 01326_ Sub. Laser shoots sparks and powers down. 01333_ Autobeam Turret destroyed. 01338_ Acquired 10 matter. 01346_ Dropped Scrap Shield. 01400_ Y-45 Defender destroyed. 01404_ Heat Sink fries itself beyond repair. 01412_ Lgt. Armor Plating fries itself beyond repair. 01413_ Lgt. Treads fries itself beyond repair. 01414_ Heat Sink fries itself beyond repair. 01414_ Destroyed Flight Unit. 01417_ S-10 Pest destroyed. 01424_ Lgt. Ion Engine fries itself beyond repair. 01426_ Dropped Broken Sub. Laser. 01428_ Flight Unit fries itself beyond repair. 01432_ Acquired 10 matter. 01433_ Lgt. Ion Engine fries itself beyond repair. 01435_ Lgt. Assault Rifle fries itself beyond repair. 01436_ Acquired 10 matter. Map ----- +----------------------------------------------------+ | ???????????????????????????## "### ##???????????? | | ???????????????????????????# " # #???????????? | | ???????????????????????????## " #???????????? | | ???????????????????????????# ###???????????? | | ???????????????????????????# ###?????????????? | | ???????????????????????????#* [ #???????????????? | | ???????????????????????????# %%* #???????????????? | | ???????????????????????????# "" ##???????????????? | | ???????????????????????????#[ "##????????????????? | | ???????????????????????????# #####?????????????? | | ???????????????????????????# "" #?????????????? | | ????????????????#####??????# "##?????????????? | | ???????????????## ##????## ##??????????????? | | ?????????????### ###### ###???????????????? | | ????????????## # # ###?????????????????? | | ???????????## # #???????????????????? | | ???????????# #???????????????????? | | ???????????# # #???????????????? | | ???????????## ######## ##???????????????? | | ????????????# ########### #????????????????? | | ???????????## #####<##### #???????????????? | | ???????????# #"" " "" "# #???????????????? | | ???????????# #" " # #??????????????? | | ???????????# ##" % ## ##?????????????? | | ???????????# ## # ? #??????????????? | | ??????????## ## @ ##? #??????????????? | | ??????????# ##" % "##?? ???????????????? | | ??????????## ##### % #### ?? ##?????????????? | | ??????????## ##### ##? #?????????? | | ??????????## % ##### # ##?????????? | | ??????????## * %## ##?????????? | | ??????????## """""????????????????? | | ??????????## #### !! """"" "???????????????? | | ??????????########## =%= "#####?#?????????????? | | ???????????######### * "#####???????????????? | | ??????????#### ##### "" "##????????????????? | | ??????????### ## " ##????????????????? | | ??????????## ## " ###????????????????? | | ??????????### R###" ####????????????????? | | ???????????## ## ###?????????????????? | | ???#######?## #### " ##??????????????????? | | ??? ######### ##### "" ###?#????????????????? | | ??? ## #####?### """###??????????????????? | | ????? #??## ##???????????????????? | | ??????? ###?## ##########???????????? | | ??????## ###### ## ############??????????? | | ???????## ###### ### ## ###??????????? | | ######### ### ## ### ## ##??????????? | | ######### ####### ##??????????? | | ### # ##### ##??????????? | +----------------------------------------------------+ Best States ------------- Heat Dissipation 25 Energy Generation 15 Energy Capacity 250 Matter Stores 300 Matter Capacity 300 Sight Range 18 Terrain Scan Range 14 Terrain Scan Density 85 Armor Coverage 800 Evasion (%) 55 Item Schematics ----------------- None Robot Schematics ------------------ None Fabricated ------------ Nothing Alien Tech Used ----------------- None Achievements -------------- None Challenges ------------ None Game ------ Seed GuidedCannonArmor Manual? 0 Play Time 00:11:45 Cumulative 588.2 hours Start 2024.01.13 @ 01:02:32 End 2024.01.13 @ 01:13:03 Sessions 1 Manual Loads 0 Difficulty Rogue Special Mode None Game No. 512 Rogue 239 Adventurer 123 Explorer 150 Win Type - Total 25 Types 19/0/4/1/0/0/0/1/0 Lore% 78 Gallery% 90 Achievement% 75 Wizard Run 0 Options --------- ASCII 0 Keyboard 1 Movement Numpad Keybinds 0 Fullscreen 2 Font 18/X11Bold Map View 76x50 Zoom Use 11% Tactical HUD 1 Map Filters NONE Filters NONE Steam 1 RUN: 3d4740b8-33f7-480d-bd38-ae81ad1372d6